 Dungeon Crawl Stone Soup version 0.29-a0-819-g94b489e0ae (webtiles) character file.

Game seed: 10968414615346827272

596470 DavidChitty2 the Conqueror (level 26, -22/212 HPs)
             Began as a Minotaur Fighter on June 22, 2022.
             Was the Champion of Okawaru.
             Killed from afar by an orb of fire (33 damage)
             ... with a bolt of fire
             ... on level 4 of the Realm of Zot on July 6, 2022.
             The game lasted 01:37:17 (57971 turns).

DavidChitty2 the Conqueror (Minotaur Fighter)      Turns: 57971, Time: 01:37:17

Health: -22/212    AC: 46    Str: 26    XL:     26   Next: 36%
Magic:  30/30      EV: 19    Int:  7    God:    Okawaru [******]
Gold:   4555       SH: 34    Dex: 23    Spells: 25/25 levels left

rFire   + . .      SeeInvis +   a - +9 broad axe (elec)
rCold   + . .      Faith    .   V - +3 tower shield
rNeg    + + .      Spirit   .   g - +5 gold dragon scales
rPois   +          Reflect  +   c - +1 hat "Cyproq Cuxao" {Regen+ Str-2 SInv}
rElec   +          Harm     .   C - +4 cloak of Amorality {rElec Dex+2}
rCorr   +          Rampage  .   J - +1 pair of gloves {Dex+3}
Will    ++...      Rage     3%  S - +2 pair of boots {Fly}
Stlth   ..........              s - amulet of the Past {Reflect Regen+ SH+5}
HPRegen 2.05/turn               K - ring "Mueva" {Will+ rCorr Int-2 Dex+3 Stlth+}
MPRegen 0.22/turn               f - ring "Qezxor" {rElec rN++ Str-2 Int+4 Dex+6}

@: flying, studying Maces & Flails, unable to drink
A: horns 2, retaliatory headbutt, berserk 1, clumsy 1, dopey 1, frail 2, no
potion heal 1, inability to drink while threatened 1, devolution 2
}: 3/15 runes: decaying, serpentine, silver
a: Renounce Religion, Heroism, Finesse, Duel


You were on level 4 of the Realm of Zot.
You worshipped Okawaru.
Okawaru was exalted by your worship.
You visited 10 branches of the dungeon, and saw 49 of its levels.
You also visited: Trove, Sewer, Bailey and Ice Cave.

You collected 7718 gold pieces.
You spent 3163 gold pieces at shops.

Inventory:

Hand Weapons
 a - a +9 broad axe of electrocution (weapon)
   (Okawaru gifted it to you on level 5 of the Vaults)
 b - the +10 morningstar "Eos" {elec, Halo rElec}
   (Okawaru gifted it to you on level 1 of the Snake Pit)

   It occasionally discharges a powerful burst of electricity upon striking a
   foe.
   It grants its wielder a halo, increasing accuracy against those within it.
   rElec:     It insulates you from electricity.
 y - the +9 broad axe of Chagrin {speed, rPois SInv}
   (You took it off a fire giant on level 13 of the Dungeon)

   Attacks with this weapon are significantly faster.
   rPois:     It protects you from poison.
   SInv:      It lets you see invisible.
 X - the +9 heavy crossbow "Sniper" {vorpal, Acc+∞ SInv}
   (You found it on level 6 of the Lair of Beasts)

   Any ammunition fired from it inflicts extra damage upon your enemies.
   Any ammunition fired from it never misses its target.
   SInv:      It lets you see invisible.
Missiles
 D - 3 throwing nets (quivered) {!f}
Armour
 c - the +1 hat "Cyproq Cuxao" (worn) {Regen+ Str-2 SInv}
   (Okawaru gifted it to you on level 15 of the Dungeon)

   Str:       It affects your strength (-2).
   SInv:      It lets you see invisible.
   Regen:     It increases your rate of health regeneration.
 g - +5 gold dragon scales (worn)
   (You found it on level 4 of the Realm of Zot)
 C - the +4 cloak of Amorality (worn) {rElec Dex+2}
   (You acquired it on level 15 of the Dungeon)

   Dex:       It affects your dexterity (+2).
   rElec:     It insulates you from electricity.
 J - a +1 pair of gloves of dexterity (worn)
   (Okawaru gifted it to you on level 1 of the Lair of Beasts)
 S - a +2 pair of boots of flying (worn)
   (You acquired it on level 9 of the Dungeon)
 V - a +3 tower shield (worn)
   (You found it on level 2 of the Dungeon)
Jewellery
 f - the ring "Qezxor" (right hand) {rElec rN++ Str-2 Int+4 Dex+6}
   (You bought it in a shop on level 2 of the Elven Halls)

   [ring of dexterity]

   Str:       It affects your strength (-2).
   Int:       It affects your intelligence (+4).
   Dex:       It affects your dexterity (+6).
   rElec:     It insulates you from electricity.
   rN:        It greatly protects you from negative energy.
 i - a ring of protection from fire
   (You found it on level 5 of the Lair of Beasts)
 o - a ring of protection from cold
   (You found it on level 3 of the Dungeon)
 s - the amulet of the Past (around neck) {Reflect Regen+ SH+5}
   (You acquired it on level 4 of the Lair of Beasts)

   [amulet of reflection]

   It reflects blocked missile attacks.
   Regen:     It increases your rate of health regeneration.
   SH:        It affects your SH (+5).
 K - the ring "Mueva" (left hand) {Will+ rCorr Int-2 Dex+3 Stlth+}
   (You took it off a fire giant on level 13 of the Dungeon)

   [ring of resist corrosion]

   Int:       It affects your intelligence (-2).
   Dex:       It affects your dexterity (+3).
   rCorr:     It protects you from acid and corrosion.
   Will:      It increases your willpower.
   Stlth:     It makes you more stealthy.
Wands
 d - a wand of iceblast (11)
   (You found it on level 2 of the Swamp)
 e - a wand of quicksilver (14)
   (You found it on level 3 of the Swamp)
 t - a wand of flame (72)
   (You found it on level 4 of the Lair of Beasts)
 v - a wand of digging (22)
   (You found it on level 4 of the Lair of Beasts)
 E - a wand of mindburst (50)
   (You found it on level 10 of the Dungeon)
 Q - a wand of polymorph (26)
   (You found it on level 4 of the Lair of Beasts)
Scrolls
 h - 24 scrolls of teleportation {@r4}
 k - 4 scrolls of blinking
 p - a scroll of brand weapon
 r - a scroll of enchant armour
 w - 13 scrolls of fog
 z - 2 scrolls of magic mapping
 A - 9 scrolls of fear
 G - 8 scrolls of poison {!r}
 H - 5 scrolls of summoning
 L - a scroll of enchant weapon
 N - 5 scrolls of immolation {!r}
 W - 7 scrolls of vulnerability {!r}
 Z - a scroll of silence
Potions
 j - 6 potions of resistance
 l - 10 potions of heal wounds {@q2}
 m - 15 potions of haste {@q3}
 n - 3 potions of berserk rage
 q - 18 potions of curing {@q1}
 u - 10 potions of lignification {!q}
 x - 7 potions of cancellation
 F - 21 potions of mutation {!q}
 M - 9 potions of magic
 O - 6 potions of might
 P - 3 potions of invisibility
 R - 11 potions of brilliance
 T - 10 potions of attraction {!q}
 Y - 2 potions of ambrosia


   Skills:
 O Level 27 Fighting
 - Level 18.0(19.1) Axes
 - Level 11.3(16.0) Maces & Flails
 O Level 27 Armour
 * Level 19.9 Dodging
 - Level 25.0 Shields
 - Level 11.0 Invocations
 - Level 10.0 Evocations


You had 25 spell levels left.
You didn't know any spells.
Your spell library contained the following spells:

 Spells                   Type           Power      Damage    Failure   Level
 Apportation              Tloc           0%         N/A       98%         1
 Beastly Appendage        Tmut           0%         N/A       98%         1
 Freeze                   Ice            0%         1d3       98%         1
 Sandblast                Erth           0%         2d4       98%         1
 Shock                    Conj/Air       0%         1d3       98%         1
 Slow                     Hex            0%         N/A       98%         1
 Sting                    Tmut/Pois      0%         1d3       98%         1
 Blink                    Tloc           0%         N/A       99%         2
 Poisonous Vapours        Pois/Air       0%         N/A       99%         2
 Scorch                   Fire           0%         2d5       99%         2
 Static Discharge         Conj/Air       0%         3-3/arc   99%         2
 Wereblood                Tmut           0%         N/A       99%         2
 Confusing Touch          Hex            0%         N/A       100%        3
 Dazzling Flash           Conj/Hex       0%         N/A       100%        3
 Frozen Ramparts          Ice            0%         1d2       100%        3
 Gell's Gravitas          Tloc           0%         N/A       100%        3
 Inner Flame              Hex/Fire       0%         N/A       100%        3
 Lesser Beckoning         Tloc           0%         N/A       100%        3
 Ozocubu's Armour         Ice            0%         N/A       100%        3
 Portal Projectile        Hex/Tloc       0%         N/A       100%        3
 Spider Form              Tmut/Pois      0%         N/A       100%        3
 Swiftness                Air            0%         N/A       100%        3
 Teleport Other           Tloc           0%         N/A       100%        3
 Vampiric Draining        Necr           0%         2d6       100%        3
 Airstrike                Air            0%         0-1+      100%        4
 Cause Fear               Hex            0%         N/A       100%        4
 Corpse Rot               Necr/Pois/Air  0%         N/A       100%        4
 Dispel Undead            Necr           0%         3d6       100%        4
 Flame Wave               Conj/Fire      0%         2d4       100%        4
 Hailstorm                Conj/Ice       0%         3d3       100%        4
 Ice Form                 Ice/Tmut       0%         N/A       100%        4
 Iskenderun's Mystic Bla  Conj/Tloc      0%         2d3       100%        4
 Leda's Liquefaction      Hex/Erth       0%         N/A       100%        4
 Olgreb's Toxic Radiance  Pois           0%         N/A       100%        4
 Passage of Golubria      Tloc           0%         N/A       100%        4
 Petrify                  Tmut/Erth      0%         N/A       100%        4
 Sticky Flame             Conj/Fire      0%         2d3       100%        4
 Alistair's Intoxication  Tmut/Pois      0%         N/A       100%        5
 Blade Hands              Tmut           0%         N/A       100%        5
 Borgnjor's Vile Clutch   Necr/Erth      0%         N/A       100%        5
 Fireball                 Conj/Fire      0%         3d3       100%        5
 Freezing Cloud           Conj/Ice/Air   0%         6-21      100%        5
 Irradiate                Conj/Tmut      0%         3d13      100%        5
 Iskenderun's Battlesphe  Conj           0%         2d6       100%        5
 Lee's Rapid Deconstruct  Erth           0%         3d5*      100%        5
 Lightning Bolt           Conj/Air       0%         1d11      100%        5
 Manifold Assault         Tloc           0%         N/A       100%        5
 Metabolic Englaciation   Hex/Ice        0%         N/A       100%        5
 Yara's Violent Unravell  Hex/Tmut       0%         3d3       100%        5
 Dispersal                Tloc           0%         N/A       100%        6
 Eringya's Noxious Bog    Tmut/Pois      0%         N/A       100%        6
 Iron Shot                Conj/Erth      0%         9d1       100%        6
 Starburst                Conj/Fire      0%         6d3       100%        6
 Statue Form              Tmut/Erth      0%         N/A       100%        6
 Dragon Form              Tmut           0%         N/A       100%        7
 Ozocubu's Refrigeration  Ice            0%         4d5       100%        7
 Storm Form               Tmut/Air       0%         N/A       100%        7
 Discord                  Hex            0%         N/A       100%        8
 Disjunction              Tloc           0%         N/A       100%        8
 Maxwell's Capacitive Co  Air            0%         ∞         100%        8
 Fire Storm               Conj/Fire      0%         5d1       100%        9
 Polar Vortex             Ice            0%         N/A       100%        9
 Call Imp                 Summ           Unusable   N/A       N/A         2
 Tukima's Dance           Hex            Unusable   N/A       N/A         3
 Summon Ice Beast         Ice/Summ       Unusable   N/A       N/A         4
 Summon Lightning Spire   Summ/Air       Unusable   N/A       N/A         4
 Death Channel            Necr           Unusable   N/A       N/A         6
 Simulacrum               Ice/Necr       Unusable   N/A       N/A         6
 Malign Gateway           Summ/Tloc      Unusable   N/A       N/A         7
 Monstrous Menagerie      Summ           Unusable   N/A       N/A         7
 Infestation              Necr           Unusable   N/A       N/A         8
 Dragon's Call            Summ           Unusable   N/A       N/A         9

Dungeon Overview and Level Annotations

Branches:
Dungeon (15/15)            Temple (1/1) D:7            Lair (6/6) D:10
  Swamp (4/4) Lair:2        Snake (4/4) Lair:4        Slime (0/5) Lair:5
    Orc (2/2) D:11            Elf (3/3) Orc:2        Vaults (5/5) D:14
  Crypt (0/3) Vaults:2     Depths (4/4) D:15            Zot (5/5) Depths:4
  Sewer (visited)          Bailey (visited)           IceCv (visited)

Altars:
Ashenzari
Cheibriados
Dithmenos
Elyvilon
Fedhas
Gozag
Hepliaklqana
Kikubaaqudgha
Makhleb
Nemelex Xobeh
Okawaru
Qazlal
Ru
Sif Muna
Trog
Uskayaw
Vehumet
Wu Jian
Xom
Yredelemnul
Zin
The Shining One
Jiyva

Shops:
D:2 ?[*[   D:3 (   D:7 *   Orc:1 ?   Orc:2 ??::   Elf:1 :   Elf:2 :==
Elf:3 !*(!   Snake:3 [   Snake:4 [   Vaults:2 :   Vaults:4 :   Vaults:5 !
Depths:2 *   Depths:3 *

Portals:
Hell: Depths:1 Depths:2 Depths:3 Depths:4
Abyss: Depths:3
Pandemonium: Depths:2
Ziggurat: Depths:1

Annotations:
D:4 exclusion: statue
D:5 2 transporters, WLBjork's ghost, novice HOMo
D:13 exclusion: ice statue
Lair:3 exclusion: oklob plant
Lair:4 exclusion: oklob plant
Swamp:3 1 runed translucent door
Elf:1 6 runed translucent doors
Elf:2 5 runed translucent doors
Zot:1 1 runed translucent door, Kaphap's ghost, legendary GrBe
Zot:2 5 transporters


Innate Abilities, Weirdness & Mutations

You have a pair of horns on your head.
You reflexively headbutt those who attack you in melee.
You sometimes lose your temper in combat.
You are clumsy. (Dex -2)
You are dopey. (Int -2)
You are very frail. (-20% HP)
Potions are less effective at restoring your health.
You occasionally lose the ability to drink potions when taking damage.
You have terrible hidden genetic defects.


Message History

You miss the orb of fire.
You headbutt the orb of fire, but do no damage.
The orb of fire glows yellow.
The fireball explodes!
The fireball engulfs you!! You resist.
* * * LOW HITPOINT WARNING * * *
The fireball engulfs the orb of fire.
The orb of fire completely resists.
You hit the orb of fire.
You headbutt the orb of fire, but do no damage.
You hit the orb of fire.
You headbutt the orb of fire, but do no damage.
You hit the orb of fire but do no damage.
You headbutt the orb of fire, but do no damage.
You slash the orb of fire!
The orb of fire glows bright magenta.
The bolt of fire hits you!! You resist.
* * * LOW HITPOINT WARNING * * *
You miss the orb of fire.
You headbutt the orb of fire, but do no damage.
The orb of fire emits a lurid red light.
Strange energies course through your body.
You occasionally lose the ability to drink potions when threatened.
Unknown command.
You slice the orb of fire!!
The orb of fire glows deep purple.
Strange energies course through your body.
Your system partially rejects the healing effects of potions.
You miss the orb of fire. Your headbutt misses the orb of fire.
Unknown command.
You barely miss the orb of fire. Your headbutt misses the orb of fire.
You hit the orb of fire but do no damage.
Your headbutt misses the orb of fire. You barely miss the orb of fire.
The orb of fire glows deep purple.
Strange energies course through your body.
You feel frail.
You miss the orb of fire.
The orb of fire glows deep purple.
The bolt of fire misses you.
Unknown command.
You miss the orb of fire. You headbutt the orb of fire!
The orb of fire glows bright magenta.
The fireball explodes!
The fireball engulfs you!! You resist.
* * * LOW HITPOINT WARNING * * *
The fireball engulfs the orb of fire.
The orb of fire completely resists.
You miss the orb of fire.
You headbutt the orb of fire, but do no damage.
The orb of fire glows red.
The bolt of fire hits you!! You resist.
You feel threatened and lose the ability to drink potions!
You die...

......###.....##.#.##....###...##
#.....##.......#...##......#..##.
###...##.>.....'....###....##.#..
##....##.............⌠##....#.#8.
.....####.....#..#....#.....###..
....##..##...##..##.......### ##.
...##....#####....##..####### ###
#.##.......###..####.##.....###..
..'.........'...@<####.#####.#.#.
#[#)........#..*###..........#[#.
÷.#.........#..=##.###...8...[.#.
#.##.......##....###.........#)#.
#..##..)..####....'..#.#####.#.#.
#...##.))##.....###..##.....###..
....###'####+#....#...####### ###
...##.)[##...###..##.......# ##.
.......##.....###..##.....## #..


You could see an orb of fire.

Vanquished Creatures
  2 ancient liches
  3 dread liches
  3 orbs of fire (Zot:4)
  A juggernaut (Depths:4)
  A Killer Klown (Zot:2)
  Saint Roka (Orc:2)
  Bai Suzhen (Arena)
  Vashnia (Snake:2)
  2 curse toes
  8 golden dragons
  Nikola (Vaults:2)
  3 bone dragons
  An electric golem (Zot:1)
  The ghost of Shym the Warrior, an adept GrEE of Vehumet (Elf:3)
  15 tentacled monstrosities
  3 liches
  Rupert (Lair:5)
  7 Orb Guardians
  5 titans (Vaults:5)
  4 deep elf master archers (Elf:3)
  4 deep elf blademasters (Elf:3)
  Frances (Snake:2)
  6 quicksilver dragons
  Kirke (Lair:5)
  10 death cobs
  A shadow dragon (shapeshifter) (Vaults:5)
  2 sphinxes (Vaults:5)
  Donald (Snake:4)
  3 thorn hunters
  12 shadow dragons
  11 storm dragons
  13 tengu reavers
  Roxanne (Swamp:2)
  5 draconian monks
  3 draconian knights
  A revenant (Vaults:2)
  2 fenstrider witches
  7 fire giants
  10 frost giants
  3 iron dragons (Vaults:5)
  3 draconian scorchers
  4 deep elf sorcerers
  11 vault wardens
  3 orc warlords
  Aizul (Snake:2)
  4 ghost moths
  4 deep elf elementalists (Elf:3)
  3 draconian stormcallers
  A balrug (Depths:1)
  A war gargoyle (Vaults:5)
  5 draconian shifters
  5 draconian annihilators
  17 ironbound preservers
  43 very ugly things
  9 stone giants
  2 reapers
  A broodmother (shapeshifter) (Elf:1)
  2 ironbound thunderhulks
  4 green draconians
  Nessos (D:12)
  5 eleionomae
  6 deep elf demonologists
  12 black draconians
  8 bunyips
  2 vampire knights
  5 deep elf annihilators (Elf:3)
  An entropy weaver (Vaults:5)
  5 spark wasps (Depths:2)
  13 purple draconians
  10 yellow draconians
  17 dire elephants
  The ghost of Zebulonius the Eclecticist, a journeyman DECj of Vehumet (Elf:1)
  15 red draconians
  15 ettins
  9 white draconians
  A crystal guardian (Vaults:2)
  10 deep elf death magi
  6 deep elf high priests
  10 yaktaur captains
  2 shambling mangroves (Swamp:4)
  Josephine (Orc:2)
  6 fire dragons
  8 great orbs of eyes
  37 vault guards
  Harold (Orc:1)
  21 hydras
  9 ice dragons
  A rakshasa (Depths:1)
  5 salamander tyrants
  Fannar (D:10)
  A peacekeeper (Vaults:2)
  A ghost crab (Swamp:4)
  7 boulder beetles
  12 ironbound frosthearts
  9 ogre magi
  A hell beast (Depths:1)
  23 two-headed ogres
  13 anacondas
  3 catoblepae
  10 alligators
  2 tengu warriors
  A death knight (Vaults:2)
  13 naga warriors
  2 spriggan air magi
  19 centaur warriors
  A deep troll earth mage (Depths:2)
  10 death yaks (Lair:6)
  12 dancing weapons
  3 orc high priests
  A shock serpent (shapeshifter) (D:14)
  4 spriggan berserkers
  2 deep troll shamans
  Sonja (D:13)
  19 naga sharpshooters
  9 shock serpents
  13 deep elf knights
  2 sixfirhies (Depths:2)
  4 soul eaters (Zot:2)
  A shadow wraith (Vaults:5)
  An iron troll (Depths:1)
  4 salamander mystics
  A death drake (Zot:3)
  A golden dragon zombie (Zot:2)
  A deep troll (shapeshifter) (Depths:3)
  3 goliath frogs
  47 deep trolls
  2 flayed ghosts
  7 bog bodies (Swamp:4)
  4 spriggan druids
  An orange crystal statue (IceCv)
  4 glowing orange brains
  15 wizards
  Pikel (D:5)
  12 swamp dragons
  18 ironbound convokers
  6 naga ritualists
  5 necromancers
  6 orc knights
  10 harpies
  24 deep elf pyromancers
  A lindwurm (shapeshifter) (Elf:1)
  20 deep elf zephyrmancers
  3 phantasmal warriors
  56 ugly things
  16 mana vipers
  12 deep elf archers
  A harpy (shapeshifter) (Elf:1)
  17 lindwurms
  3 manticores
  12 oklob plants
  A shadow dragon skeleton (Vaults:5)
  21 slime creatures
  A will-o-the-wisp (Swamp:2)
  27 salamanders
  4 orc sorcerers
  A wolf spider (shapeshifter) (Vaults:5)
  A fire giant zombie (Vaults:5)
  27 moths of wrath
  3 cyclopes
  A manticore (shapeshifter) (Elf:3)
  An eye of devastation (shapeshifter) (Vaults:3)
  42 black mambas
  13 elephants (Lair:6)
  An elephant (shapeshifter) (Elf:1)
  An eye of devastation (Lair:5)
  A guardian serpent (shapeshifter) (Vaults:5)
  A titan simulacrum (Vaults:5)
  23 vault sentinels
  Maurice (Orc:2)
  20 naga magi
  8 guardian serpents
  An unseen horror (D:12)
  21 cane toads
  3 gargoyles
  22 rime drakes
  A kobold demonologist (D:8)
  3 tengu conjurers
  3 freezing wraiths
  24 yaktaurs
  10 komodo dragons
  A hellwing (Depths:2)
  An efreet (D:13)
  A troll (shapeshifter) (D:13)
  A merfolk (shapeshifter) (Depths:3)
  3 trolls
  2 queen bees (shapeshifter)
  A wind drake (shapeshifter) (Depths:2)
  8 tyrant leeches
  18 polar bears
  13 hornets
  23 blink frogs
  A harpy skeleton (D:15)
  2 air elementals
  A deep troll zombie (Vaults:4)
  4 dream sheep (Lair:6)
  A culicivora (shapeshifter) (D:15)
  12 spriggans
  A spriggan (shapeshifter) (Depths:2)
  An elf skeleton (Vaults:4)
  49 yaks
  A shadow (D:10)
  8 water elementals
  8 wraiths
  An ettin skeleton (Vaults:4)
  7 basilisks
  6 wyverns
  8 humans (D:14)
  Grum (D:10)
  2 fire elementals
  7 hogs (Lair:5)
  A steam dragon (shapeshifter) (Elf:1)
  A basilisk (shapeshifter) (Vaults:5)
  A redback (shapeshifter) (Depths:3)
  A neqoxec (Depths:2)
  15 vampire mosquitoes
  8 wargs
  A redback simulacrum (D:15)
  A naga (shapeshifter) (Elf:1)
  36 nagas
  3 acid dragons
  A harpy simulacrum (D:15)
  2 large abominations (Depths:3)
  14 swamp worms
  27 water moccasins
  Pargi (Sewer)
  An ogre skeleton (Vaults:5)
  3 floating eyes
  A glowing shapeshifter skeleton (Vaults:4)
  11 swamp drakes
  28 orc warriors
  An ice beast (D:8)
  4 black bears
  3 sky beasts
  13 wolves
  33 ogres
  4 boggarts (Vaults:2)
  15 centaurs
  A lemure (D:5)
  A phantom (D:6)
  4 kobold brigands
  18 bullfrogs
  2 necrophages
  7 earth elementals
  A gnoll sergeant (D:8)
  4 scorpions
  6 wights (D:7)
  10 killer bees (D:9)
  An electric eel (Lair:2)
  4 howler monkeys
  A jelly (D:6)
  4 hounds
  18 orc priests
  Terence (D:3)
  4 iguanas
  30 orc wizards
  5 hell rats (Lair:3)
  16 gnolls
  7 adders
  A shadow imp (D:5)
  2 ufetubi
  3 worms
  4 dart slugs
  73 orcs
  14 ball pythons
  7 bats
  6 endoplasms
  8 giant cockroaches
  12 goblins
  8 hobgoblins
  5 jackals
  23 kobolds
  5 quokkas
  10 frilled lizards
  5 rats
  16 briar patches
  A bush (Lair:5)
2099 creatures vanquished.

Vanquished Creatures (others)
  A quicksilver dragon (Zot:4)
  A draconian monk (Zot:2)
  A draconian annihilator (Zot:1)
  3 deep elf knights (Elf:1)
  A wizard (Vaults:1)
  A deep elf pyromancer (D:13)
  A deep elf zephyrmancer (Elf:2)
  A moth of wrath (Zot:5)
  9 bloated husks
  A spriggan (Swamp:2)
  2 vampire mosquitoes (Swamp:2)
  A swamp worm (Swamp:1)
  An orc wizard (D:11)
  3 orcs
  2 briar patches
  A fire vortex (Lair:5)
  4 foxfires (Swamp:2)
  86 fungi
  108 plants
  A withered plant (D:12)
229 creatures vanquished.

Grand Total: 2328 creatures vanquished

Notes
Turn   | Place    | Note
-------+----------+-------------------------------------------
     0 | D:1      | DavidChitty2 the Minotaur Fighter began the quest for the
                  | Orb.
     0 | D:1      | Reached XP level 1. HP: 19/19 MP: 0/0
   150 | D:1      | Reached XP level 2. HP: 23/27 MP: 1/1
   615 | D:1      | Reached XP level 3. HP: 16/33 MP: 2/2
  1306 | D:2      | Found Jomoitu's Magic Scroll Shop.
  1385 | D:2      | Found a faded altar of an unknown god.
  1540 | D:2      | Found Ushredwee's Armour Boutique.
  1812 | D:2      | Found Vepuylit's Antique Armour Emporium.
  1879 | D:2      | Found Beryuw's General Store.
  2261 | D:3      | Reached XP level 4. HP: 36/41 MP: 3/3
  2441 | D:3      | Found Qeoj's Weapon Emporium.
  2595 | D:3      | Noticed Terence
  2606 | D:3      | Killed Terence
  2607 | D:3      | Reached XP level 5. HP: 47/47 MP: 4/4
  2939 | D:2      | Bought a scroll of blinking for 97 gold pieces
  2972 | D:2      | Bought a potion of curing for 30 gold pieces
  2972 | D:2      | Bought a potion of heal wounds for 50 gold pieces
  3496 | D:4      | Found a glowing drain.
  3525 | Sewer    | Entered a sewer
  3570 | Sewer    | Noticed Pargi
  3581 | Sewer    | Killed Pargi
  3582 | Sewer    | Reached skill level 5 in Axes
  3582 | Sewer    | Reached skill level 5 in Shields
  3582 | Sewer    | Reached XP level 6. HP: 39/55 MP: 2/5
  3964 | D:4      | Reached skill level 5 in Fighting
  3964 | D:4      | Reached skill level 5 in Armour
  3981 | D:4      | Found a snail-covered altar of Cheibriados.
  4069 | D:4      | Found a radiant altar of Vehumet.
  4394 | D:5      | Entered Level 5 of the Dungeon
  4517 | D:5      | Found a shimmering blue altar of Sif Muna.
  4888 | D:5      | Reached XP level 7. HP: 50/61 MP: 3/6
  5048 | D:5      | Noticed a hornet
  5052 | D:5      | Noticed WLBjork's ghost (novice HOMo)
  5075 | D:5      | Found a transporter.
  5080 | D:5      | Found a transporter.
  5109 | D:5      | Noticed Pikel
  5133 | D:5      | Killed Pikel
  5134 | D:5      | Reached XP level 8. HP: 22/71 MP: 1/7
  5378 | D:5      | Identified the +1 robe "Otet" {Archmagi}
  6372 | D:6      | Reached XP level 9. HP: 60/79 MP: 6/8
  7488 | D:7      | Found a staircase to the Ecumenical Temple.
  7497 | Temple   | Entered the Ecumenical Temple
  7733 | Temple   | Became a worshipper of Warmaster Okawaru
  7778 | D:7      | Found a blossoming altar of Fedhas.
  7781 | D:7      | Found a stormy altar of Qazlal.
  7790 | D:7      | Reached skill level 10 in Axes
  7905 | D:7      | Reached skill level 1 in Invocations
  7950 | D:7      | Found Baabbud's Serpentskin Sales.
  8659 | D:8      | Reached * piety under Okawaru
  8679 | D:8      | Got the Grimoire of Supportive Unholy Rituals
  8800 | D:8      | Noticed a kobold demonologist
  8806 | D:8      | Noticed a hellwing
  8810 | D:8      | Killed a kobold demonologist
  8972 | D:8      | Reached XP level 10. HP: 90/90 MP: 10/10
  9646 | D:9      | Reached ** piety under Okawaru
  9665 | D:9      | Found a flagged portal.
  9674 | Bailey   | Entered a bailey
  9745 | Bailey   | Noticed an orc warlord
  9818 | Bailey   | Found a runed translucent gate.
  9821 | Bailey   | Found a runed translucent gate.
  9823 | Bailey   | Found a runed translucent gate.
 10001 | Bailey   | Killed an orc warlord
 10114 | D:9      | Acquired a +2 pair of boots of flying
 10147 | D:9      | Noticed a manticore
 10158 | D:9      | Killed a manticore
 10158 | D:9      | Reached *** piety under Okawaru
 11180 | D:10     | Entered Level 10 of the Dungeon
 11197 | D:10     | Noticed Grum
 11214 | D:10     | Killed Grum
 11214 | D:10     | Reached **** piety under Okawaru
 11215 | D:10     | Reached XP level 11. HP: 64/97 MP: 9/13
 11804 | D:10     | Noticed Fannar
 11822 | D:10     | Killed Fannar
 11822 | D:10     | Reached ***** piety under Okawaru
 11980 | D:10     | Found a sacrificial altar of Ru.
 12156 | D:10     | Noticed a two-headed ogre
 12160 | D:10     | Killed a two-headed ogre
 12161 | D:10     | Reached skill level 10 in Armour
 12161 | D:10     | Reached skill level 10 in Shields
 12161 | D:10     | Reached skill level 5 in Invocations
 12294 | D:10     | Found a staircase to the Lair.
 12299 | D:10     | Reached skill level 10 in Fighting
 12383 | D:11     | Noticed a boulder beetle
 12395 | D:11     | Killed a boulder beetle
 12608 | D:11     | Found a staircase to the Orcish Mines.
 13310 | D:11     | Received a gift from Okawaru
 13565 | D:10     | Upgraded the game from 0.29-a0-664-gff9cad4a3d to
                  | 0.29-a0-732-g3d7fbe0af2
 13566 | Lair:1   | Entered Level 1 of the Lair of Beasts
 13708 | Lair:1   | Received a gift from Okawaru
 14017 | Lair:1   | Noticed a five-headed hydra
 14027 | Lair:1   | Killed a one-headed hydra
 14028 | Lair:1   | Reached XP level 12. HP: 96/108 MP: 13/15
 14214 | Lair:1   | Identified the +3 flail "Naimuokh" {freeze, rC+ rN+ Int-2}
 15338 | Lair:2   | Noticed a four-headed hydra
 15338 | Lair:2   | Noticed a boulder beetle
 15351 | Lair:1   | Reached skill level 15 in Axes
 15639 | Lair:2   | Found a staircase to the Swamp.
 15652 | Lair:2   | Killed a one-headed hydra
 15882 | Lair:2   | Killed a boulder beetle
 16132 | Lair:2   | Identified the +7 whip of Mum Naji {spect, rElec Int+3}
 16171 | Lair:2   | Found a radiant altar of Vehumet.
 16351 | Lair:2   | Identified the +2 long sword of Beogh {freeze, rPois Dex+3
                  | SInv Stlth-}
 16603 | Lair:3   | Received a gift from Okawaru
 16666 | Lair:3   | Found a shadowy altar of Dithmenos.
 17111 | Lair:3   | Reached ****** piety under Okawaru
 17403 | Lair:3   | Received a gift from Okawaru
 17406 | Lair:3   | Reached XP level 13. HP: 111/117 MP: 17/17
 17928 | Lair:4   | Found a staircase to the Snake Pit.
 18430 | Lair:4   | Received a gift from Okawaru
 18574 | Lair:4   | Acquired the amulet of the Past {Reflect Regen+ SH+5}
 19120 | Lair:5   | Noticed Kirke
 19429 | Lair:5   | Killed Kirke
 19429 | Lair:5   | Identified the +0 buckler of Hubris {rElec rC+ Str-3 SInv}
                  | (Okawaru gifted it to you on level 5 of the Lair of Beasts)
 19429 | Lair:5   | Received a gift from Okawaru
 19730 | Lair:5   | Found a staircase to the Slime Pits.
 19731 | Lair:5   | Found a viscous altar of Jiyva.
 19732 | Lair:5   | Paralysed by a floating eye for 2 turns
 20005 | Lair:5   | Noticed Rupert
 20012 | Lair:5   | Paralysed by Rupert for 3 turns
 20061 | Lair:5   | Killed Rupert
 20671 | Lair:6   | Entered Level 6 of the Lair of Beasts
 20715 | Lair:6   | Reached XP level 14. HP: 64/129 MP: 10/19
 21277 | Lair:6   | Identified the +2 flail "Buluwamo" {elec, Dex+3} (Okawaru
                  | gifted it to you on level 6 of the Lair of Beasts)
 21277 | Lair:6   | Received a gift from Okawaru
 22061 | Lair:6   | Found the +9 heavy crossbow "Sniper" {vorpal, Acc+∞ SInv}
 22074 | Lair:6   | Identified the +8 great sword "Tupooz" {venom, Drain rF+
                  | rCorr}
 22272 | Lair:4   | Identified the +4 chain mail "Biniasm" {Will+} (Okawaru
                  | gifted it to you on level 4 of the Lair of Beasts)
 22272 | Lair:4   | Received a gift from Okawaru
 22397 | D:12     | Noticed Nessos
 22406 | D:12     | Killed Nessos
 23474 | D:13     | Noticed Sonja
 23495 | D:13     | Killed Sonja
 23599 | D:13     | HP: 2/133 [13-headed hydra (9)]
 23603 | D:13     | Reached XP level 15. HP: 6/139 MP: 20/20
 23751 | D:13     | Reached skill level 15 in Armour
 23841 | D:13     | Reached skill level 15 in Shields
 23845 | D:13     | Reached skill level 15 in Fighting
 23982 | D:13     | Received a gift from Okawaru
 24044 | D:13     | Identified the +4 battleaxe "Korodditt" {antimagic, Dex+4}
 24092 | D:13     | Identified the +9 broad axe of Chagrin {speed, rPois SInv}
 24092 | D:13     | Identified the ring "Mueva" {Will+ rCorr Int-2 Dex+3
                  | Stlth+}
 24092 | D:13     | Noticed a fire giant
 24099 | D:13     | Killed a fire giant
 24696 | D:14     | Found a frozen archway.
 24701 | IceCv    | Entered an ice cave
 25087 | IceCv    | Received a gift from Okawaru
 25132 | IceCv    | Noticed a frost giant
 25147 | IceCv    | Killed a frost giant
 25268 | IceCv    | Noticed a frost giant
 25276 | IceCv    | Killed a frost giant
 25321 | IceCv    | Got the Disquisition on the Quantum Volcanoes
 25832 | D:2      | Bought a runed scarf for 176 gold pieces
 26493 | D:14     | Found a gate to the Vaults.
 26520 | D:15     | Entered Level 15 of the Dungeon
 26587 | D:15     | Reached XP level 16. HP: 145/155 MP: 21/21
 26686 | D:15     | Found a portal to a secret trove of treasure.
 26914 | D:15     | Identified the +1 hat "Cyproq Cuxao" {Regen+ Str-2 SInv}
                  | (Okawaru gifted it to you on level 15 of the Dungeon)
 26914 | D:15     | Received a gift from Okawaru
 27104 | D:15     | Found an ancient bone altar of Kikubaaqudgha.
 27268 | D:15     | Found a glowing silver altar of Zin.
 27268 | D:15     | Found a white marble altar of Elyvilon.
 27268 | D:15     | Found a glowing golden altar of the Shining One.
 27363 | D:15     | Found a staircase to the Depths.
 28091 | Orc:1    | Entered Level 1 of the Orcish Mines
 28115 | Orc:1    | Noticed Harold
 28122 | Orc:1    | Killed Harold
 28255 | Orc:1    | Found a bloodstained altar of Trog.
 28425 | Orc:2    | Entered Level 2 of the Orcish Mines
 28425 | Orc:2    | Found a staircase to the Elven Halls.
 28570 | Orc:2    | Found Rantoud's Book Shoppe.
 28570 | Orc:2    | Found Pamuuj's Magic Scroll Shop.
 28576 | Orc:2    | Found Kih Rufo's Book Boutique.
 28576 | Orc:2    | Found Fewukly's Magic Scroll Shoppe.
 28624 | Orc:1    | Found Pueg's Magic Scroll Boutique.
 28776 | Orc:2    | Noticed Josephine
 28784 | Orc:2    | Killed Josephine
 28800 | Orc:2    | Bought a scroll of teleportation for 48 gold pieces
 28800 | Orc:2    | Bought a scroll of teleportation for 48 gold pieces
 28800 | Orc:2    | Bought a scroll of teleportation for 48 gold pieces
 28818 | Orc:2    | Noticed Maurice
 28834 | Orc:2    | Received a gift from Okawaru
 28841 | Orc:2    | Killed Maurice
 29109 | Orc:2    | Noticed Saint Roka
 29136 | Orc:2    | Killed Saint Roka
 29445 | Orc:2    | Found a shimmering blue altar of Sif Muna.
 29659 | Snake:1  | Entered Level 1 of the Snake Pit
 29790 | Snake:1  | Received a gift from Okawaru
 29790 | Snake:1  | Found the +10 morningstar "Eos" {elec, Halo rElec}
 29874 | Snake:1  | Reached skill level 1 in Maces & Flails
 30188 | Snake:1  | Reached skill level 1 in Dodging
 30273 | Snake:1  | Reached XP level 17. HP: 53/169 MP: 22/22
 30377 | Snake:1  | Identified the -1 kite shield of Indomitability {Dex+3}
 30509 | Snake:1  | Reached skill level 5 in Maces & Flails
 30687 | Snake:2  | Noticed Aizul
 30703 | Snake:2  | Killed Aizul
 30852 | Snake:2  | Received a gift from Okawaru
 31132 | Snake:2  | Noticed Frances
 31148 | Snake:2  | Killed Frances
 31148 | Snake:2  | Received a gift from Okawaru
 31167 | Snake:2  | Noticed Vashnia
 31185 | Snake:2  | Killed Vashnia
 31668 | Snake:3  | Found Domemp's Antique Armour Emporium.
 31674 | Snake:3  | Bought a pair of twisted boots for 351 gold pieces
 31674 | Snake:3  | Identified the +0 pair of boots of Least Resistance {rC-
                  | Str+4 Int+5} (You bought it in a shop on level 3 of the
                  | Snake Pit)
 31674 | Snake:3  | Bought a buzzing plate armour for 1036 gold pieces
 31674 | Snake:3  | Identified the +6 plate armour "Ativ" {rPois rC+ rN+} (You
                  | bought it in a shop on level 3 of the Snake Pit)
 31845 | Snake:3  | Reached skill level 10 in Maces & Flails
 31901 | Snake:3  | Noticed Bai Suzhen
 31903 | Arena    | Entered the Arena
 31919 | Arena    | Killed Bai Suzhen
 31919 | Arena    | Identified the +1 pair of boots of Distant Worlds {Str+5}
                  | (Okawaru gifted it to you in the Arena)
 31919 | Arena    | Received a gift from Okawaru
 32164 | Snake:3  | Reached skill level 5 in Dodging
 32573 | Snake:4  | Entered Level 4 of the Snake Pit
 32613 | Snake:4  | Found Buemp's Armour Shoppe.
 33044 | Snake:4  | Noticed Donald
 33071 | Snake:4  | Killed Donald
 33076 | Snake:4  | Reached XP level 18. HP: 83/180 MP: 23/23
 33296 | Snake:4  | Identified the +5 ring mail "Fuoqiph" {rN+} (Okawaru gifted
                  | it to you on level 4 of the Snake Pit)
 33296 | Snake:4  | Received a gift from Okawaru
 33496 | Snake:4  | Got a serpentine rune of Zot
 33910 | Lair:2   | Upgraded the game from 0.29-a0-732-g3d7fbe0af2 to
                  | 0.29-a0-819-g94b489e0ae
 33911 | Swamp:1  | Entered Level 1 of the Swamp
 34544 | Swamp:2  | Noticed Roxanne
 34810 | Swamp:2  | Received a gift from Okawaru
 35040 | Swamp:2  | Killed Roxanne
 35429 | Swamp:3  | Found a runed translucent door.
 35566 | Swamp:4  | Entered Level 4 of the Swamp
 35688 | Swamp:4  | Received a gift from Okawaru
 35820 | Swamp:4  | Reached XP level 19. HP: 164/193 MP: 24/24
 36004 | Swamp:4  | Got a decaying rune of Zot
 36171 | Swamp:4  | Identified the +3 ring mail of Free Will {rElec rPois Str+6
                  | Dex-2}
 36202 | Swamp:4  | Identified the +9 chain mail of the Ward {rF+ Int+4}
 36499 | Vaults:1 | Entered Level 1 of the Vaults
 36661 | Vaults:1 | Reached skill level 10 in Dodging
 36748 | Vaults:1 | Received a gift from Okawaru
 37645 | Vaults:2 | Identified the +10 hand axe of the Priest {vorpal, rF+}
                  | (Okawaru gifted it to you on level 2 of the Vaults)
 37645 | Vaults:2 | Received a gift from Okawaru
 38220 | Vaults:2 | Found Peajeij's Book Emporium.
 38331 | Vaults:2 | Received a gift from Okawaru
 38335 | Vaults:2 | Noticed Nikola
 38346 | Vaults:2 | Killed Nikola
 38347 | Vaults:2 | Reached XP level 20. HP: 130/206 MP: 25/25
 38503 | Vaults:2 | Found a staircase to the Crypt.
 39733 | Vaults:3 | Received a gift from Okawaru
 39783 | Vaults:3 | Reached skill level 10 in Invocations
 40273 | Vaults:4 | Received a gift from Okawaru
 40711 | Vaults:4 | Reached XP level 21. HP: 218/218 MP: 27/27
 40980 | Vaults:4 | Got the Commentary on the Harmful Summer
 41113 | Vaults:4 | Found Maumurr's Book Emporium.
 41477 | D:15     | Acquired the +4 cloak of Amorality {rElec Dex+2}
 41492 | Depths:1 | Entered Level 1 of the Depths
 41494 | Depths:1 | Found a gateway to Hell.
 41706 | Depths:1 | Found a stormy altar of Qazlal.
 41722 | Depths:1 | Found a one-way gateway to a ziggurat.
 42570 | Depths:2 | Found a one-way gate leading to the halls of Pandemonium.
 42630 | Depths:2 | Received a gift from Okawaru
 42822 | Depths:2 | Identified the +1 kite shield of Jiffisi {Regen+ Dex+3}
                  | (Okawaru gifted it to you on level 2 of the Depths)
 42822 | Depths:2 | Received a gift from Okawaru
 42892 | Depths:2 | Got the Atlas of the Hot Flock
 42946 | Depths:2 | Found Dionaolu's General Store.
 44016 | Depths:3 | Reached skill level 27 in Fighting
 44150 | Depths:3 | Found Zaxkuc's General Store.
 44162 | Depths:3 | Identified the +0 pair of boots of the Frog {Regen+ Int+4}
 44296 | Depths:3 | Found a one-way gate to the infinite horrors of the Abyss.
 44315 | Depths:3 | Paralysed by a floating eye for 3 turns
 44590 | Depths:4 | Entered Level 4 of the Depths
 44598 | Depths:4 | Noticed a golden dragon
 44616 | Depths:4 | Killed a golden dragon
 44646 | Depths:4 | Reached XP level 22. HP: 161/233 MP: 28/28
 44652 | Depths:4 | Received a gift from Okawaru
 44838 | Depths:4 | Noticed a juggernaut
 44856 | Depths:4 | Killed a juggernaut
 44963 | Depths:4 | Paralysed by a floating eye for 3 turns
 44973 | Depths:4 | Paralysed by a floating eye for 4 turns
 44977 | Depths:4 | HP: 3/233 [spriggan berserker/+0 hand axe (29)]
 45099 | Depths:4 | Found a gate to the Realm of Zot.
 45854 | Vaults:5 | Entered Level 5 of the Vaults
 46022 | Vaults:5 | Received a gift from Okawaru
 46194 | Vaults:5 | Noticed a golden dragon
 46211 | Vaults:5 | Noticed a golden dragon
 46263 | Vaults:5 | Killed a golden dragon
 46263 | Vaults:5 | Identified the +4 broad axe of Amortisation {holy, rPois}
                  | (Okawaru gifted it to you on level 5 of the Vaults)
 46263 | Vaults:5 | Received a gift from Okawaru
 46292 | Vaults:5 | Killed a golden dragon
 46340 | Vaults:5 | Reached skill level 27 in Armour
 46356 | Vaults:5 | Reached XP level 23. HP: 181/240 MP: 29/29
 46370 | Vaults:5 | Noticed an ancient lich
 46409 | Vaults:5 | Killed an ancient lich
 46808 | Vaults:5 | Got the Compendium of the Vapourous Flock
 46810 | Vaults:5 | Identified the amulet "Poxauhu" {RegenMP *Slow rElec Dex+2}
 46890 | Vaults:5 | Found Qyzeilich's Distillery.
 46935 | Vaults:5 | Bought a potion of might for 56 gold pieces
 46935 | Vaults:5 | Bought a potion of heal wounds for 70 gold pieces
 47023 | Vaults:5 | Identified the +10 great sword of the Rescuing Gods
                  | {vorpal, rF+} (Okawaru gifted it to you on level 5 of the
                  | Vaults)
 47023 | Vaults:5 | Received a gift from Okawaru
 47389 | Vaults:5 | Got a silver rune of Zot
 47396 | Vaults:5 | Got the Grimoire of Vitriolic Silt
 47718 | D:15     | You paid a toll of +2 gold dragon scales to enter a
                  | treasure trove
 47719 | Trove    | Entered a treasure trove
 47773 | Trove    | Identified the +1 plate armour of Teylish {Fly rElec rC-
                  | Stlth+}
 47775 | Trove    | Identified the +0 pair of boots of the Kettle-Drum {rF-
                  | Regen+ MP+9 Int+7}
 47777 | Trove    | Identified the +0 cloak of Complete Protection {Rampage
                  | Dex+7}
 47838 | D:15     | Reached XP level 24. HP: 249/249 MP: 29/30
 48076 | Elf:1    | Entered Level 1 of the Elven Halls
 48192 | Elf:1    | Found a transporter.
 48200 | Elf:1    | Noticed Zebulonius's ghost (journeyman DECj)
 48350 | Elf:1    | Found Totim's Tremendous Tomes.
 48413 | Elf:1    | Found a transporter.
 48539 | Elf:1    | Identified the +4 spear "Nixzerr" {elec, rN+}
 48614 | Elf:1    | Found a runed translucent gate.
 48614 | Elf:1    | Found a runed translucent gate.
 48614 | Elf:1    | Found a runed translucent gate.
 48614 | Elf:1    | Found a runed translucent gate.
 48614 | Elf:1    | Found a runed translucent gate.
 48617 | Elf:1    | Found a runed translucent gate.
 48793 | Elf:2    | Identified the +3 ring mail "Zydghyd" {Contam Harm rC+++}
 48859 | Elf:2    | Found Asygut's Jewellery Emporium.
 48860 | Elf:2    | Found Ruem's Book Shop.
 48868 | Elf:2    | Found Leason's Jewellery Emporium.
 48878 | Elf:2    | Bought the ring "Qezxor" {rElec rN++ Str-2 Int+4 Dex+6} for
                  | 841 gold pieces
 48952 | Elf:2    | Paralysed by an air elemental for 1 turns
 49223 | Elf:2    | Identified the +3 short sword "Agikk" {vamp, rElec Dex+2
                  | SInv}
 49353 | Elf:2    | Received a gift from Okawaru
 49410 | Elf:2    | Found a huge runed translucent gate.
 49410 | Elf:2    | Found a huge runed translucent gate.
 49410 | Elf:2    | Found a huge runed translucent gate.
 49411 | Elf:2    | Found a huge runed translucent gate.
 49412 | Elf:2    | Found a huge runed translucent gate.
 49701 | Elf:3    | Entered Level 3 of the Elven Halls
 49727 | Elf:3    | Paralysed by an air elemental for 1 turns
 49730 | Elf:3    | Paralysed by an air elemental for 1 turns
 49732 | Elf:3    | Paralysed by an air elemental for 1 turns
 49780 | Elf:3    | Found Vueheoro's General Store.
 49820 | Elf:3    | Identified the +5 leather armour of Protective Custody
                  | {Str+3}
 49850 | Elf:3    | Bought a potion of resistance for 200 gold pieces
 49891 | Elf:3    | Found Kuipit's Distillery.
 49900 | Elf:3    | Found Riwna's Antique Weapon Boutique.
 50182 | Elf:3    | Found a runed translucent door.
 50184 | Elf:3    | Noticed Shym's ghost (adept GrEE)
 50218 | Elf:3    | Killed Shym's ghost
 50278 | Elf:3    | Reached skill level 1 in Evocations
 50280 | Elf:3    | Found Ingaohat's Distillery.
 50480 | Elf:3    | Identified the +10 plate armour of the Pit {rCorr}
 50480 | Elf:3    | Identified the ring "Tistrem" {Str-5 Int+6 Dex+3 SInv}
 50517 | Elf:3    | Identified the ring "Mezurch" {Fire Will+ Str+2}
 50569 | Elf:3    | Identified the ring of Adiwaeg {Ice *Slow Int+2 Dex+6
                  | Stlth+}
 50590 | Elf:3    | Got Bopygeir's Secrets of Violent Beguiling
 50595 | Elf:3    | Identified the +6 dagger of Nikhaa {vorpal, Str+8}
 51767 | Zot:1    | Entered Level 1 of the Realm of Zot
 51825 | Zot:1    | Found a runed translucent door.
 51825 | Zot:1    | Found a shimmering altar of Xom.
 51825 | Zot:1    | Noticed Kaphap's ghost (legendary GrBe)
 51831 | Zot:1    | Acquired 952 gold pieces
 52206 | Zot:1    | Reached XP level 25. HP: 174/257 MP: 30/30
 52397 | Zot:1    | Identified the +0 robe "Tagren" {Fly rF+ rN+ Str+4}
                  | (Okawaru gifted it to you on level 1 of the Realm of Zot)
 52397 | Zot:1    | Received a gift from Okawaru
 52575 | Zot:2    | Noticed a Killer Klown
 52590 | Zot:2    | Killed a Killer Klown
 52612 | Zot:2    | Reached skill level 5 in Evocations
 52728 | Zot:2    | Noticed an ancient lich
 52741 | Zot:2    | Killed an ancient lich
 52998 | Zot:2    | Found a transporter.
 53003 | Zot:2    | Found a transporter.
 53057 | Zot:2    | Noticed a dread lich
 53068 | Zot:2    | Killed a dread lich
 53208 | Zot:2    | Found a transporter.
 53218 | Zot:2    | Reached skill level 15 in Dodging
 53237 | Zot:2    | Found a transporter.
 53419 | Zot:2    | Found a transporter.
 53422 | Zot:2    | Found a transporter.
 54409 | Zot:3    | Received a gift from Okawaru
 55551 | Zot:4    | Identified the +1 pair of boots "Gogonem" {rF+ Stlth+}
                  | (Okawaru gifted it to you on level 4 of the Realm of Zot)
 55551 | Zot:4    | Received a gift from Okawaru
 56224 | Orc:2    | Bought a scroll of enchant armour for 112 gold pieces
 56316 | Elf:1    | Killed Zebulonius's ghost
 56342 | Elf:1    | Identified the +0 cloak of Gasil {rPois rF- Will+}
 56726 | Zot:5    | Entered Level 5 of the Realm of Zot
 56805 | Zot:5    | Reached XP level 26. HP: 262/266 MP: 30/30
 57020 | Zot:5    | Noticed an orb of fire
 57565 | Zot:5    | Reached skill level 10 in Evocations
 57582 | Zot:5    | Noticed a dread lich
 57598 | Zot:5    | Noticed an orb of fire
 57600 | Zot:5    | Noticed a dread lich
 57601 | Zot:5    | Noticed an orb of fire
 57609 | Zot:5    | Killed a dread lich
 57614 | Zot:5    | Gained mutation: You sometimes lose your temper in combat.
                  | [an orb of fire]
 57614 | Zot:5    | Noticed an orb of fire
 57618 | Zot:5    | Noticed an orb of fire
 57622 | Zot:5    | Gained mutation: You have hidden genetic defects. [an orb
                  | of fire]
 57622 | Zot:5    | Gained mutation: You are dopey. (Int -2) [an orb of fire]
 57749 | Zot:4    | Gained mutation: You have terrible hidden genetic defects.
                  | [an orb of fire]
 57755 | Zot:4    | Killed a dread lich
 57755 | Zot:4    | Gained mutation: You are clumsy. (Dex -2) [an orb of fire]
 57765 | Zot:4    | Killed an orb of fire
 57823 | Zot:4    | Killed an orb of fire
 57878 | Zot:4    | Killed an orb of fire
 57957 | Zot:4    | Gained mutation: You are frail. (-10% HP) [an orb of fire]
 57963 | Zot:4    | Gained mutation: You occasionally lose the ability to drink
                  | potions when taking damage. [an orb of fire]
 57964 | Zot:4    | Gained mutation: Potions are less effective at restoring
                  | your health. [an orb of fire]
 57968 | Zot:4    | Gained mutation: You are very frail. (-20% HP) [an orb of
                  | fire]
 57970 | Zot:4    | HP: 9/212 [orb of fire/fireball (27)]
 57971 | Zot:4    | Killed from afar by an orb of fire

Illustrated notes

Levels and vault maps discovered:
D:1:      dpeg_arrival_three_bigger_balls, layout_basic, kennysheep_crisscross,
          minmay_misc_feat_tower
D:2:      minmay_general_purpose_star, layout_loops_cross, serial_shops,
          nicolae_shop_hallway_stairs, shop, nicolae_shop_hallway_plus,
          nicolae_shop_hallway_plus, shapermc_ecumenical_altar_ellora
D:3:      layout_loops_cross, serial_shops, shop, uniq_terence
D:4:      layout_basic, slow_altar_2, vehumet_statue, gup_sewer_entry_pipe,
          serial_bayou_ford_a
D:5:      layout_rooms, lemuel_crystal_altar, gammafunk_ghost_hive, st_stairs_7,
          uniq_pikel
D:6:      layout_basic
D:7:      layout_loops_ring, grunt_temple_overflow_forces_of_nature,
          minmay_temple_entry_proselytizer, grunt_decor_cap, guppyfry_shop_venom
D:8:      layout_loops_cross, nicolae_underground_beach
D:9:      layout_roguey, enter_bailey_3
D:10:     layout_basic, nicolae_ru_awakened_eye, grunt_lair_entry_orc_guard_hut,
          uniq_grum, uniq_fannar
D:11:     layout_layer_cave, orc_0_dummy, statue_in_the_mist_lemuel,
          lemuel_flamethrower_2
D:12:     layout_irregular_city, argonaut_gorgonesque, uniq_nessos
D:13:     minmay_the_grid_3x2 [minmay_the_grid_spikes,
          minmay_the_grid_aliased_spiral, minmay_the_grid_plusring,
          minmay_the_grid_square_x, minmay_the_grid_holed_spiral,
          minmay_the_grid_prize_diamond_cup], layout_basic,
          minmay_statue_bubble, uniq_sonja
D:14:     layout_rooms, ximxim_vaults_locker_room, grunt_decor_junction,
          portal_ice_cave_entry_pillars_1
D:15:     grunt_enter_depths_magical_seal, layout_irregular_city,
          good_gods_mini_temple, nicolae_trove_entry_columns, minivault_26,
          st_stairs_10, dreamdust_mushroom_princess, roderic_roman_lattice,
          kiku_gazebo_garden_becter
Temple:   eino_temple_scatter_basement
Lair:1:   layout_long_grid
Lair:2:   layout_regular_city, swamp_mist_pool, basic_altar, st_stairs_12,
          lemuel_fruit_fields
Lair:3:   layout_hall_layers, lemuel_oklob_altar, lemuel_fruit_fields
Lair:4:   layout_cave_pods, minmay_snake_entry_six_corridors, minivault_19,
          beast_lair_carwin_2
Lair:5:   layout_gridlike, minmay_slime_entry_eyes, minmay_lair_oklob_items,
          grunt_megastairs_2, infiniplex_staircase_pool_2, uniq_kirke,
          uniq_rupert
Lair:6:   grunt_lair_end_beastmaster, layout_loops_ring, st_stairs_10,
          chequers_serial_rivers_micro_d, infiniplex_staircase_pool,
          grunt_megastairs_5
Swamp:1:  layout_basic_swamp, evilmike_swamp_ruin_house_4, swamp_pool1,
          nicolae_swamp_triple_paths
Swamp:2:  layout_falls_marsh, nicolae_swamp_stair_fork, swamp_pool2,
          uniq_roxanne
Swamp:3:  gammafunk_mikee_crab_dinner, layout_falls_marsh,
          nicolae_swamp_trees_clearing
Swamp:4:  swamp_basic_johnstein, layout_basic_swamp
Snake:1:  layout_layer_cave
Snake:2:  layout_cave_town, hangedman_snake_thin_pillar_pass,
          nicolae_fountain_basement, uniq_aizul, uniq_vashnia, uniq_frances
Snake:3:  layout_cave_town, serial_shops, nicolae_stop_n_shop_2, uniq_bai_suzhen
Snake:4:  snake_pit_salamanders_mu, layout_misc_corridors, serial_shops,
          shop_statue, grunt_ministairs_12, lemuel_fruit_tree, uniq_donald
Orc:1:    layout_caves, serial_shops, nicolae_shop_crystal, trog_butcher_becter,
          uniq_harold
Orc:2:    st_orc_ogre_mass, layout_caves, kennysheep_orc_sif_temple,
          uniq_maurice, uniq_saint_roka, uniq_josephine
Elf:1:    eino_elf_arrival_shootout, layout_rooms,
          gammafunk_ghost_berserking_beasts, orc_legates,
          nicolae_shop_i_like_big_books
Elf:2:    elven_hall_of_blades_hangedman_alternative
          [nicolae_blade_entry_sentries_behind_glass], layout_onion_city,
          minmay_shop_grove
Elf:3:    minmay_elf_hall_statues, layout_onion_city, serial_shops, shop,
          nicolae_shop_window_shopping, nicolae_shop_statue_plus,
          nicolae_square_shop, ebering_ghost_inner_flame
Vaults:1: ontoclasm_vaults_idyll, grunt_vaults_twisty, v_misc_18,
          vaults_room_fancy_cross, v_misc_3, nicolae_vaults_big_angled_halls,
          vaults_room_large_hall, ontoclasm_vaults_echo, v_misc_29,
          hangedman_vaults_trim, ontoclasm_vaults_idyll,
          layout_vaults_maze_bifur
Vaults:2: hangedman_vaults_pinch, vaults_room_octagon, hangedman_vaults_snaps,
          ontoclasm_vaults_claustrophobia, grunt_vaults_hallway_short,
          v_misc_23, v_misc_17, minmay_crypt_entry_simple_box,
          layout_vaults_omnigrid, serial_shops, nicolae_shop_hallway_stairs,
          uniq_nikola
Vaults:3: vaults_room_grid, v_rooms_4, v_pattern_5, hangedman_vaults_slither,
          nicolae_vaults_bisected_inception, vaults_dpeg_cross, st_star,
          vaults_room_fancy_cross, v_misc_23, ontoclasm_vaults_ring_small,
          v_misc_10, nicolae_vaults_puzzle_piece, ontoclasm_vaults_chip,
          layout_vaults_omnibox
Vaults:4: vaults_room_guarded_vault, ontoclasm_vaults_twist, v_alt_pattern_3,
          vaults_room_grunt_arrival_checkpoint, v_rooms_2,
          hangedman_vaults_maws, nicolae_vaults_circle_grid_a,
          nicolae_vaults_circle_grid_b, v_pattern_2, ontoclasm_vaults_spin,
          layout_vaults_ring, serial_shops, shop
Vaults:5
Depths:1: layout_gridlike, enter_ziggurat_b, nicolae_titane,
          grunt_mini_vestibule, serial_bayou_pond_c,
          nicolae_qazlal_style_of_elements
Depths:2: minmay_inside_and_out, layout_gridlike, serial_rivers,
          chequers_serial_rivers_micro_e, chequers_serial_rivers_large_a,
          chequers_serial_rivers_small_a, chequers_serial_rivers_micro_e,
          chequers_serial_rivers_micro_a, pf_vacation_house_of_asmodeus,
          serial_shops, nicolae_shop_stone, rand_demon_pan_entry_4,
          minmay_staircase_statues
Depths:3: dreamdust_experimentation, layout_gridlike, abyss_entry, hell_entry,
          infiniplex_staircase_split_hallway, minmay_shop_star
Depths:4: evilmike_zot_entry_basic, layout_gridlike, hell_entry
Zot:1:    grunt_zot_stairs_overgrown, layout_misc_corridors, ebering_ghost_xom,
          st_stairs_8, st_single_dragon_hoard_1, uniq_josephina
Zot:2:    hangedman_snap_crack_crunch, layout_onion, serial_nicolae_subway,
          nicolae_sub_station_stone, nicolae_sub_station_metal,
          nicolae_sub_station_crystal
Zot:3:    layout_onion, st_small_dragon_hoard_5
Zot:4:    layout_twisted_circle, grunt_megastairs_1, lemuel_elevator
Zot:5:    layout_concentric_octagons, nrook_zot_tub

Skill      XL: |  1  2  3  4  5  6  7  8  9 10 11 12 13 14 15 16 17 18 19 20 21 22 23 24 25 26 |
---------------+-------------------------------------------------------------------------------+-----
Axes           | 3 4 5 6 8 9 10 12 14 15 17 18 | 18.0
Armour         | 4 5 6 7 8 9 10 11 13 14 17 19 20 21 22 23 24 27 | 27.0
Shields        | 4 5 6 7 8 9 10 11 13 14 15 16 17 18 20 21 22 25 | 25.0
Fighting       | 4 5 6 7 8 9 10 11 13 14 17 19 20 22 23 25 27 | 27.0
Invocations    | 2 4 6 7 8 10 11 | 11.0
Maces & Flails | 4 11 | 11.3
Dodging        | 1 6 9 10 12 18 19 | 19.9
Evocations     | 4 9 10 | 10.0

Action                   |  1- 3 |  4- 6 |  7- 9 | 10-12 | 13-15 | 16-18 | 19-21 | 22-24 | 25-27 || total
-------------------------+-------+-------+-------+-------+-------+-------+-------+-------+-------++-------
Melee: War axe           |   117 |   155 |   271 |   613 |   434 |       |       |       |       ||  1590
       Headbutt          |     8 |    16 |    41 |   115 |   235 |   364 |   456 |   437 |   363 ||  2035
       Unarmed           |       |       |       |       |     6 |       |       |       |       ||     6
       Broad axe         |       |       |       |       |   460 |  1234 |  1369 |  1248 |   926 ||  5237
       Whip              |       |       |       |       |    18 |     4 |       |       |       ||    22
       Morningstar       |       |       |       |       |       |    37 |    19 |       |       ||    56
Invok: Heroism           |       |       |       |       |     3 |     2 |       |     2 |     2 ||     9
       Finesse           |       |       |       |       |     3 |     2 |       |     2 |     2 ||     9
       Duel              |       |       |       |       |       |     1 |       |       |       ||     1
Evoke: Wand              |       |       |       |       |     3 |     2 |       |     2 |     1 ||     8
  Use: Scroll            |       |     6 |     9 |    10 |    12 |     1 |     1 |    17 |    11 ||    67
       Potion            |       |       |     1 |     2 |     1 |       |       |     6 |     1 ||    11
Armor: Scale mail        |    11 |       |       |       |       |       |       |       |       ||    11
       Chain mail        |    48 |    97 |   140 |   110 |       |       |       |       |       ||   395
       Crystal plate arm |       |       |       |    91 |   524 |   104 |       |       |       ||   719
       Plate armour      |       |       |       |       |       |   230 |   303 |   304 |   203 ||  1040
       Gold dragon scale |       |       |       |       |       |       |       |       |    55 ||    55
Dodge: Dodged            |    40 |    29 |    48 |    86 |   118 |   210 |   252 |   222 |   287 ||  1292
       Repelled          |       |       |       |       |       |    23 |     1 |       |       ||    24
Block: Buckler           |    13 |       |       |       |       |       |       |       |       ||    13
       Tower shield      |    43 |   144 |   243 |   539 |   997 |  1318 |  1210 |  1005 |  1012 ||  6511
       Reflection        |       |       |       |       |    52 |   175 |    87 |    72 |    10 ||   396

Table legend: (Time is in decaauts)
 A = Elapsed time spent in this place.
 B = Non-inter-level travel time spent in this place.
 C = Inter-level travel time spent in this place.
 D = Time resting spent in this place.
 E = Time spent auto-exploring this place.
 F = Levels seen in this place.
 G = Mean time per level.
                   A        B        C        D        E       F      G
               +--------+--------+--------+--------+--------+-----+--------+
         Total |  56486 |  50562 |   5924 |   2936 |  36225 |  54 | 1046.0 |
       Dungeon |  18388 |  16074 |   2314 |   1058 |  12049 |  15 | 1225.9 |
        Temple |    245 |    218 |     27 |      0 |    202 |   1 |  245.0 |
          Lair |   9352 |   8556 |    796 |    993 |   6084 |   6 | 1558.7 |
         Swamp |   2327 |   2215 |    112 |     35 |   1487 |   4 |  581.8 |
     Snake Pit |   3881 |   3614 |    267 |    152 |   2492 |   4 |  970.2 |
  Orcish Mines |   1500 |   1240 |    260 |      0 |    882 |   2 |  750.0 |
   Elven Halls |   2953 |   2548 |    405 |      0 |   1895 |   3 |  984.3 |
        Vaults |   6532 |   5602 |    930 |    214 |   3961 |   5 | 1306.4 |
        Depths |   4268 |   3716 |    552 |     88 |   2898 |   4 | 1067.0 |
           Zot |   5353 |   5095 |    258 |    329 |   3278 |   5 | 1070.6 |
         Trove |    107 |    107 |      0 |      0 |     37 |   1 |  107.0 |
         Sewer |    321 |    321 |      0 |      0 |    217 |   1 |  321.0 |
        Bailey |    432 |    432 |      0 |     59 |    174 |   1 |  432.0 |
      Ice Cave |    786 |    786 |      0 |      0 |    567 |   1 |  786.0 |
         Arena |     34 |     34 |      0 |      8 |      0 |   1 |   34.0 |
               +--------+--------+--------+--------+--------+-----+--------+

Top non-repeatable levels by time:
  Lair:4: 1908 daAuts
  Lair:1: 1901 daAuts
  Lair:5: 1721 daAuts
   Zot:4: 1690 daAuts
     D:6: 1572 daAuts
     D:7: 1472 daAuts
    D:11: 1472 daAuts
    D:13: 1424 daAuts
    D:15: 1399 daAuts
  Lair:2: 1373 daAuts
    D:10: 1370 daAuts
Vaults:1: 1360 daAuts
  Lair:6: 1341 daAuts
Vaults:3: 1323 daAuts
Vaults:5: 1319 daAuts
